Map: Roskalian ER

Players

Esharell

  • Race: Zerg Zerg
  • Spawn Location: 5:00

Legol

  • Race: Protoss Protoss
  • League: Gold
  • Spawn Location: 6:00

Jnk

  • Race: Zerg Zerg
  • League: Diamond
  • Spawn Location: 12:00

Safety

  • Race: Protoss Protoss
  • Spawn Location: 11:00

VOD

Have the link to the VOD?

Description

Time

  • Played on: Jan. 4, 2020, 6:24 p.m.
  • Length: 11:42
Show
View Real Time Build Order
Export as new Build Order

Esharell Zerg 

Build Orders: Pool First 

Get SALT Encoding   

  12  0:01  Drone  
  13  0:13  Overlord  
  13  0:18  Drone  
  14  0:32  Drone x2  
  16  0:36  Drone  
  17  0:47  Drone  
  18  0:52  Spawning Pool  
  17  1:02  Extractor  
  17  1:03  Drone  
  17  1:20  Drone  
  17  1:22  Drone  
  19  1:28  Hatchery  
  19  1:29  Drone  
  19  1:41  Zergling x2  
  20  1:47  Queen  
  20  1:51  Overlord  
  22  2:11  Zergling x2  
  22  2:15  Metabolic Boost  
  23  2:19  Drone  
  24  2:26  Queen  
  26  2:32  Zergling x2  
  27  2:40  Drone x2  
  27  2:41  Queen  
  31  2:54  Drone x2  
  33  2:59  Overlord  
  33  3:16  Drone x3  
  33  3:17  Drone x2  
  38  3:25  Drone  
  38  3:37  Zergling x6  
  38  3:38  Zergling x2  
  41  3:46  Lair  
  41  3:49  Drone x2  
  41  3:51  Overlord x2  
  43  4:03  Hatchery  
  42  4:15  Zergling x6  
  42  4:16  Zergling x6  
  47  4:37  Spine Crawler  
  46  4:39  Spine Crawler  
  43  4:47  Zergling x2  
  43  4:48  Zergling x18  
  48  5:07  Roach Warren  
  47  5:17  Overlord x4  
  47  5:30  Pneumatized Carapace  
  47  5:32  Hatchery  
  45  5:54  Roach  
  45  5:55  Roach x7  
  60  6:03  Zergling x16  
  66  6:19  Roach  
  66  6:20  Roach  
  70  6:27  Drone x2  
  70  6:28  Spire  
  71  6:39  Zergling x4  
  73  6:52  Roach x4  
  81  6:58  Overlord  
  81  6:59  Overlord x3  
  81  7:03  Drone  
  80  7:19  Zergling x8  
  80  7:20  Zergling x12  
  88  7:41  Roach x5  
  88  7:42  Roach  
  79  7:50  Zergling x10  
  82  8:03  Zergling x2  
  82  8:04  Zergling x10  
  78  8:10  Zergling x2  
  59  8:20  Zergling x4  
  59  8:21  Zergling x2  
  59  8:24  Zergling x2  
  63  8:27  Zergling x2  
  64  8:34  Zergling x4  
  64  8:40  Zergling x2  
  66  8:58  Zergling x2  
  66  8:59  Zergling x18  
  74  9:08  Zergling x4  
  76  9:10  Zergling x2  
  76  9:15  Zergling x2  
  76  9:16  Zergling x16  
  86  9:23  Zergling x6  
  89  9:29  Zergling x2  
  90  9:33  Zergling x4  
  90  9:37  Zergling x2  
  79  9:46  Zergling x2  
  79  9:47  Zergling x18  
  71  9:56  Zergling x4  
  52  10:05  Zergling x2  
  52  10:06  Zergling x4  
  55  10:16  Zergling x4  
  55  10:17  Zergling x2  
  55  10:18  Zergling x6  
  58  10:26  Zergling x2  
  58  10:27  Zergling x4  
  61  10:37  Zergling x6  
  64  10:53  Zergling x10  
  64  10:54  Zergling x8  
  62  11:05  Zergling x6  
  62  11:08  Zergling x4  
  44  11:19  Zergling x10  
Show
View Real Time Build Order
Export as new Build Order

Legol Protoss 

Build Orders: Blink Stalkers 

Get SALT Encoding   

  12  0:00  Probe  
  13  0:13  Probe  
  14  0:19  Pylon  
  14  0:25  Probe  
  15  0:37  Probe (Chrono Boost)  
  15  0:39  Gateway  
  16  0:49  Probe (Chrono Boost), Assimilator  
  17  0:58  Probe (Chrono Boost)  
  18  1:09  Probe  
  19  1:21  Pylon  
  19  1:22  Probe  
  20  1:27  Cybernetics Core  
  20  1:51  Gateway  
  20  1:53  Assimilator  
  20  2:04  Stalker  
  22  2:17  Nexus  
  22  2:21  Probe (Chrono Boost)  
  23  2:24  Warp Gate  
  23  2:33  Probe (Chrono Boost)  
  23  2:36  Stalker  
  26  2:43  Stalker  
  28  2:52  Probe  
  29  3:04  Probe  
  30  3:07  Twilight Council  
  30  3:16  Probe  
  31  3:29  Stalker x2  
  31  3:33  Pylon  
  36  3:45  Pylon, Probe x2  
  37  3:50  Blink (Chrono Boost)  
  37  4:06  Probe x2  
  39  4:17  Stalker x2  
  39  4:18  Probe x2  
  45  4:30  Probe  
  46  4:40  Gateway  
  46  4:42  Gateway  
  46  4:48  Stalker x2  
  50  4:57  Robotics Facility  
  50  5:05  Probe x2  
  52  5:13  Pylon  
  52  5:17  Probe  
  52  5:18  Stalker, Probe  
  52  5:20  Stalker  
  58  5:30  Probe x2, Assimilator  
  58  5:35  Assimilator  
  60  5:40  Pylon  
  60  5:42  Probe x2  
  62  5:45  Observer (Chrono Boost)  
  62  5:49  Stalker x2  
  67  5:51  Stalker  
  67  5:54  Probe  
  70  5:58  Probe  
  71  6:04  Immortal (Chrono Boost)  
  75  6:12  Pylon  
  75  6:16  Pylon  
  75  6:22  Stalker  
  77  6:35  Warp Prism (Chrono Boost)  
  77  6:39  Stalker x2  
  83  7:11  Gateway  
  83  7:13  Gateway  
  83  7:16  Stalker  
  83  7:17  Stalker x3  
  85  7:48  Stalker x4  
  85  8:06  Stalker  
  85  8:19  Stalker x4  
  87  8:20  Stalker  
  89  8:30  Stalker  
  91  8:37  Pylon  
  91  8:39  Pylon  
  91  8:43  Stalker, Gateway  
  91  8:46  Gateway  
  93  8:51  Pylon  
  93  8:55  Pylon  
  93  9:08  Stalker x5  
  93  9:09  Stalker  
  105  9:31  Stalker  
  105  9:32  Stalker x4  
  105  9:33  Stalker  
  81  10:08  Immortal (Chrono Boost)  
  83  10:17  Robotics Facility  
  83  10:23  Stalker x3  
  83  10:24  Stalker x4  
  97  10:47  Stalker x4  
  105  11:07  Immortal (Chrono Boost)  
  77  11:34  Stalker  
  77  11:35  Stalker x5  
Show
View Real Time Build Order
Export as new Build Order

Jnk Zerg 

Build Orders: Pool First 

Get SALT Encoding   

  12  0:08  Overlord  
  12  0:16  Drone  
  14  0:21  Drone  
  14  0:29  Drone  
  14  0:33  Drone  
  16  0:43  Drone  
  17  0:51  Spawning Pool  
  17  0:54  Extractor  
  17  0:55  Drone  
  16  1:03  Drone  
  17  1:14  Drone  
  18  1:31  Drone  
  19  1:35  Hatchery  
  18  1:40  Drone  
  19  1:48  Queen  
  19  1:52  Zergling x2  
  22  2:00  Metabolic Boost  
  22  2:24  Baneling Nest  
  22  2:26  Overlord  
  21  2:30  Extractor, Queen  
  22  2:49  Queen  
  24  2:53  Drone  
  24  2:54  Drone x2  
  24  2:56  Drone  
  28  3:06  Zergling x4  
  28  3:07  Zergling x2  
  28  3:11  Zergling x2  
  32  3:19  Zergling x4  
  34  3:33  Zergling x4  
  36  3:37  Overlord x2  
  35  3:48  Overlord  
  35  3:50  Overlord  
  35  3:58  Drone x3  
  38  4:17  Baneling x3  
  38  4:23  Drone  
  39  4:25  Drone  
  39  4:26  Drone x6  
  39  4:28  Drone  
  44  5:01  Drone  
  44  5:02  Drone x10  
  55  5:14  Hatchery  
  55  5:20  Extractor  
  53  5:21  Lair, Extractor  
  53  5:23  Roach Warren  
  51  5:30  Overlord x2  
  51  5:31  Drone, Extractor, Evolution Chamber  
  51  5:33  Drone  
  51  5:53  Zergling x2  
  51  5:54  Zergling x16  
  57  6:06  Zerg Missile Weapons Level 1  
  57  6:20  Drone  
  57  6:21  Drone x6  
  64  6:33  Drone x4  
  64  6:35  Queen  
  70  6:42  Drone x3  
  73  6:52  Baneling  
  73  6:53  Baneling x17  
  73  6:56  Overlord x5  
  72  7:17  Roach x8  
  72  7:18  Roach x4  
  96  7:29  Glial Reconstitution  
  96  7:31  Zergling x6  
  96  7:32  Zergling x2  
  86  7:46  Roach  
  86  7:47  Roach x6  
  91  7:59  Roach  
  91  8:00  Roach x4  
  91  8:01  Zergling x2  
  91  8:02  Zergling x2  
  97  8:06  Roach  
  91  8:15  Roach x5  
  95  8:32  Roach  
  95  8:33  Roach x6  
  109  8:36  Queen  
  109  8:40  Zerg Missile Weapons Level 2  
  111  8:43  Ravager x2  
  111  8:44  Ravager  
  114  8:50  Overlord  
  114  8:51  Overlord x3  
  114  8:53  Baneling x4  
  114  9:09  Zergling x16  
  124  9:10  Zergling x8  
  124  9:11  Queen  
  126  9:25  Hydralisk Den  
  126  9:26  Roach  
  126  9:27  Roach x5  
  126  9:29  Infestation Pit  
  135  9:34  Baneling x3  
  135  9:35  Baneling x7  
  127  9:50  Roach  
  110  10:00  Roach  
  110  10:01  Roach x9  
  130  10:17  Zergling x22  
  141  10:22  Hatchery  
  140  10:34  Pneumatized Carapace  
  140  10:36  Overseer  
  140  10:37  Overseer x2  
  140  10:47  Ravager x3  
  143  10:50  Baneling x2  
  143  10:51  Baneling  
  143  10:55  Zergling x2  
  143  10:56  Zergling x4, Overlord x2  
  143  10:57  Overlord  
Show
View Real Time Build Order
Export as new Build Order

Safety Protoss 

Build Orders: Chargelot Immortal 

Get SALT Encoding   

  12  0:02  Probe  
  13  0:19  Probe  
  14  0:24  Pylon  
  14  0:32  Probe  
  15  0:44  Probe, Gateway  
  16  0:55  Pylon  
  16  0:56  Probe (Chrono Boost)  
  17  1:04  Assimilator  
  17  1:05  Probe (Chrono Boost)  
  18  1:17  Forge  
  18  1:22  Probe (Chrono Boost)  
  19  1:34  Probe (Chrono Boost)  
  20  1:42  Probe (Chrono Boost)  
  21  1:48  Assimilator  
  21  1:55  Cybernetics Core  
  21  1:59  Gateway  
  21  2:00  Zealot  
  23  2:10  Probe (Chrono Boost)  
  24  2:21  Probe (Chrono Boost)  
  25  2:47  Nexus  
  25  2:52  Stalker  
  25  2:54  Warp Gate  
  27  3:00  Pylon  
  27  3:11  Robotics Facility  
  27  3:28  Robotics Facility  
  27  3:38  Stalker  
  27  3:39  Stalker  
  31  3:45  Probe  
  32  3:58  Probe (Chrono Boost)  
  32  3:59  Probe (Chrono Boost)  
  34  4:09  Probe x2 (Chrono Boost)  
  36  4:13  Probe (Chrono Boost)  
  36  4:14  Probe (Chrono Boost)  
  38  4:24  Probe  
  39  4:25  Observer, Probe, Immortal  
  45  4:36  Probe  
  45  4:37  Probe  
  47  5:04  Probe  
  47  5:05  Probe  
  49  5:12  Immortal  
  53  5:20  Twilight Council  
  53  5:27  Pylon  
  53  5:29  Pylon  
  53  5:32  Pylon  
  53  5:45  Immortal  
  57  6:14  Gateway  
  57  6:16  Gateway  
  57  6:23  Gateway  
  57  6:24  Immortal  
  57  6:25  Gateway  
  61  6:29  Stalker x2  
  65  6:34  Charge  
  65  7:03  Immortal  
  69  7:19  Stalker x2  
  69  7:21  Stalker x2  
  77  7:33  Pylon  
  77  7:35  Pylon x2, Immortal  
  77  7:37  Pylon  
  77  7:39  Pylon  
  71  7:54  Stalker x6  
  67  8:20  Stalker  
  67  8:21  Stalker x2  
  67  8:23  Zealot x3  
  75  8:40  Assimilator  
  75  8:41  Immortal (Chrono Boost)  
  75  8:44  Assimilator  
  75  8:45  Protoss Ground Weapons Level 1 (Chrono Boost)  
  79  8:55  Zealot  
  79  8:56  Zealot x5  
  91  9:27  Dark Shrine  
  91  9:32  Zealot x4  
  91  9:33  Zealot x2  
  103  9:42  Immortal  
  103  9:43  Immortal  
  85  10:03  Zealot  
  85  10:04  Zealot x5  
  97  10:26  Stalker x3  
  103  10:48  Stalker x3  
  107  10:50  Zealot  
Tags
 
Add a new tag
Caveats
  • Supply blocks, unpowered buildings, or Contaminate may cause inaccurate times.
  • Supply counts are checked every 10 seconds.